 Dungeon Crawl Stone Soup version 0.31.0-12-g77e489cdc1 (webtiles) character file.

Game seed: 10029488815795087034

60445 KKCryptic the Protected (level 14, -4/111 HPs)
             Began as a Gnoll Wanderer on Feb 14, 2024.
             Was the Champion of Vehumet.
             Slain by a centaur warrior simulacrum (6 damage)
             ... on level 13 of the Dungeon on Feb 16, 2024.
             The game lasted 02:50:37 (20325 turns).

KKCryptic the Protected (Gnoll Wanderer)           Turns: 20325, Time: 02:50:37

Health: -4/111     AC: 24    Str: 10    XL:     14   Next: 99%
Magic:  7/28       EV: 22    Int: 18    God:    Vehumet [******]
Gold:   1192       SH: 13    Dex: 16    Spells: 8/33 levels left

rFire   + . .        N - +11 rapier of Prudence {heavy, rC+ rN+}
rCold   + + +        s - +1 buckler
rNeg    + . .        e - +7 Kryia's mail coat {PotionHeal*2 rC+}
rPois   .            d - +2 helmet {SInv}
rElec   .            Y - scarf of Savoojyu {rC+ rF+, Harm +Inv Dex+4}
rCorr   .            I - +1 pair of gloves
SInv    +            z - +1 pair of boots
Will    +....        H - amulet of reflection
Stlth   +++          g - +5 ring of evasion
HPRegen 0.38/turn    W - +5 ring of evasion
MPRegen 0.21/turn

%: harm (+30% outgoing, +20% incoming), reflection
@: no status effects
A: fangs 1, strong nose, distributed training
a: Renounce Religion, Evoke Invisibility


You were on level 13 of the Dungeon.
You worshipped Vehumet.
Vehumet was exalted by your worship.
You visited 3 branches of the dungeon, and saw 19 of its levels.
You also visited: Gauntlet.

You collected 1192 gold pieces.

Inventory:

Hand Weapons
 j - a +5 demon trident of flaming
 J - the +5 battleaxe of the Chewing Gods {holy, Fly rF+ Stlth+}
   (You found it on level 9 of the Dungeon)

   rF+:       It protects you from fire.
   Fly:       It grants you flight.
   Stlth+:    It makes you more stealthy.
 N - the +11 rapier of Prudence (weapon) {heavy, rC+ rN+}
   (You found it on level 12 of the Dungeon)

   rC+:       It protects you from cold.
   rN+:       It protects you from negative energy.
Missiles
 w - 19 poisoned darts
 A - 2 curare-tipped darts
 D - 16 javelins
 G - a throwing net
Armour
 d - a +2 helmet of see invisible (worn)
 e - the +7 Kryia's mail coat (worn) {PotionHeal*2 rC+}
   (You found it on level 7 of the Dungeon)

   PotionHeal*2: Potions heal its wearer twice as much.
   rC+:       It protects you from cold.
 s - a +1 buckler (worn)
 z - a +1 pair of boots (worn)
 I - a +1 pair of gloves (worn)
 Y - the scarf of Savoojyu (worn) {rC+ rF+, Harm +Inv Dex+4}
   (You found it on level 12 of the Dungeon)

   Dex+4:     It affects your dexterity (+4).
   +Inv:      It lets you turn invisible.
   Harm:      It increases damage dealt and taken.
Magical Staves
 Q - the staff of the Lurker {Fly rPois Str+2 Alchemy}
   (You found it in a Gauntlet)

   [staff of alchemy]

   Base accuracy: +5 Base damage: 5 Base attack delay: 1.2 This weapon's minimum
   attack delay (0.6) is reached at skill level 12.
   Str+2:     It affects your strength (+2).
   rPois:     It protects you from poison Fly: It grants you flight.
   Alchemy:   It increases the power of your Alchemy spells.
   It falls into the 'Staves' category.
   It is a one-handed weapon.
Jewellery
 g - a +5 ring of evasion (left hand)
 i - a ring of resist corrosion
 m - a ring of flight
 r - a ring of fire
 C - a ring of willpower
 H - an amulet of reflection (around neck)
 W - a +5 ring of evasion (right hand)
 Z - the ring of Hizaih {MP+9 EV+5 Str-3 Int+7}
   (You took it off a minotaur in a Gauntlet)

   [ring of evasion]

   EV+5:      It affects your evasion (+5).
   Str-3:     It affects your strength (-3).
   Int+7:     It affects your intelligence (+7).
   MP+9:      It affects your magic capacity (+9).
Wands
 c - a wand of mindburst (5)
 f - a wand of flame (43)
 p - a wand of polymorph (6)
 F - a wand of quicksilver (1)
 M - a wand of iceblast (17)
 P - a wand of charming (4)
Scrolls
 a - a scroll of poison {unknown}
 b - a scroll of acquirement {unknown}
 h - 5 scrolls of vulnerability
 E - a scroll of summoning
 R - a scroll of torment {unknown}
 S - a scroll of teleportation
 T - a scroll of immolation {unknown}
 U - a scroll of fear
 X - 3 scrolls of fog
Potions
 n - 6 potions of curing
 o - 3 potions of brilliance
 q - 2 potions of resistance
 t - 4 potions of attraction
 u - a potion of invisibility
 v - 4 potions of mutation
 x - a potion of ambrosia
 B - 3 potions of might
 K - a potion of haste
Miscellaneous
 k - a box of beasts
 O - a phial of floods


   Skills:
 + Level 10.4 Fighting
 + Level 10.0 Short Blades
 + Level 10.0 Long Blades
 + Level 10.0 Axes
 + Level 10.0 Maces & Flails
 + Level 10.0 Polearms
 + Level 10.0 Staves
 + Level 10.0 Ranged Weapons
 + Level 10.0 Throwing
 + Level 11.0 Armour
 + Level 10.0 Dodging
 + Level 10.3 Stealth
 + Level 10.0 Shields
 + Level 10.0 Unarmed Combat
 + Level 10.4 Spellcasting
 + Level 8.4 Conjurations
 + Level 9.3 Hexes
 + Level 8.4 Summonings
 + Level 8.4 Necromancy
 + Level 8.4 Translocations
 + Level 8.4 Fire Magic
 + Level 8.4 Ice Magic
 + Level 8.4 Air Magic
 + Level 9.3 Earth Magic
 + Level 8.4 Alchemy
 + Level 10.9 Invocations
 + Level 10.4 Evocations
 + Level 9.2 Shapeshifting


You had 8 spell levels left.
You knew the following spells:

 Your Spells              Type           Power      Damage    Failure   Level
a - Ensorcelled Hibernat  Hex/Ice        82%        N/A       1%          2
b - Airstrike             Air            19%        2d(3-19)  4%          4
c - Passwall              Erth           43%        N/A       2%          3
d - Dazzling Flash        Conj/Hex       82%        N/A       1%          3
e - Volatile Blastmotes   Fire/Tloc      78%        2d16      1%          3
f - Fulminant Prism       Conj/Alch      19%        3d10      4%          4
g - Sandblast             Erth           86%        2d18      1%          1
x - Confusing Touch       Hex            43%        N/A       2%          3
z - Static Discharge      Conj/Air       78%        3-7/arc   1%          2

Your spell library contained the following spells:

 Spells                   Type           Power      Damage    Failure   Level
 Yara's Violent Unravell  Hex/Alch       20%        3d9       9%          5
 Apportation              Tloc           78%        N/A       1%          1
 Kiss of Death            Conj/Necr      100%       2d13      1%          1
 Magic Dart               Conj           100%       1d8       1%          1
 Blink                    Tloc           78%        N/A       1%          2
 Jinxbite                 Hex            86%        N/A       1%          2
 Lesser Beckoning         Tloc           78%        N/A       1%          2
 Momentum Strike          Conj/Tloc      78%        3d10      1%          2
 Searing Ray              Conj           78%        2d7       1%          2
 Mephitic Cloud           Conj/Alch/Air  39%        N/A       1%          3
 Leda's Liquefaction      Alch/Erth      20%        N/A       12%         4
 Dispel Undead            Necr           39%        3d16      14%         4
 Summon Lightning Spire   Summ/Air       39%        N/A       14%         4
 Silence                  Hex/Air        20%        N/A       32%         5
 Alistair's Intoxication  Alch           26%        N/A       36%         5
 Curse of Agony           Necr           39%        N/A       36%         5
 Starburst                Conj/Fire      19%        6d7       45%         6
 Maxwell's Capacitive Co  Air            19%        ∞         100%        8


Dungeon Overview and Level Annotations

Branches:
Dungeon (13/15)            Temple (1/1) D:4            Lair (5/5) D:9
  Swamp (0/4) Lair:3       Spider (0/4) Lair:3        Slime (0/5) Lair:5
    Orc (0/2) D:12        Gauntlet (visited)
 Vaults: D:13-14

Altars:
Ashenzari
Cheibriados
Dithmenos
Elyvilon
Fedhas
Gozag
Hepliaklqana
Kikubaaqudgha
Makhleb
Nemelex Xobeh
Okawaru
Qazlal
Ru
Sif Muna
Trog
Uskayaw
Vehumet
Wu Jian
Xom
Yredelemnul
Zin
The Shining One

Shops:
D:6 *

Annotations:
Temple 4 transporters
Lair:3 2 transporters, exclusion: oklob plant, Sandpaper2's ghost, journeyman MiBe


Innate Abilities, Weirdness & Mutations

You have very sharp teeth.
Your uncanny sense of smell can sniff out nearby items.
Your experience applies equally to all skills.


Message History

The basilisk gazes at you.
You easily resist.
The vampire hits you but does no damage.
You block the vampire's attack.
You puncture the vampire! Your bite misses the vampire.
The vampire is moderately damaged.
The basilisk gazes at you.
You are slowing down.
The vampire gestures wildly while chanting.
The vampire flickers and vanishes for a moment.
You hear a shout!
It was a potion of enlightenment.
You feel very buoyant.
You fly up into the air.
You block the basilisk's attack.
The vampire hits you but does no damage.
The vampire closely misses you.
A centaur warrior comes into view.
The vampire hits you but does no damage.
The vampire bites you but does no damage.
The basilisk gazes at you. You resist with almost no effort.
You block the centaur warrior simulacrum's attack.
The centaur warrior simulacrum closely misses you.
Your limbs are stiffening.
It was a potion of cancellation.
You feel limber!
Your magical effects are unravelling.
You feel magically purged.
You float gracefully downwards.
You flicker back into view.
You feel a little less mighty now.
Your enlightenment fades.
A centaur comes into view.
You block the basilisk's attack. You block the vampire's attack.
The vampire barely misses you.
The centaur warrior wields a +0 orcbow.
The centaur warrior shoots an arrow.
The arrow hits you!!
* * * LOW HITPOINT WARNING * * *
The centaur warrior simulacrum hits you.
* * * LOW HITPOINT WARNING * * *
The centaur warrior simulacrum freezes you.
You resist.
You die...

.......,,,,****,,#..###.####.####
#######*,,..,,,,,................
#######***,.##***####§§§....#.###
* *,,..*##..##§§§....#.# # ***
**,,..#....##§§(..##.#** ,,*
***,,,.#...,,###)###*..,, *,*
*,,,,,,...#,,,,CZ..**.#** *,***
*,,,,,,#VZ#,,,.§....#.#
*>,,*****>,,,,,#@l##,C###)..#,***
***,<,,,,,,,,,*#...#∆**,,..##,,,,
,******,,,,,**#....c!)..,.##*,,*,
,*** **,,,,*#....##c#..,##,,,***
,,,* *,*,,#...###,,#*,,*,,,,* *
,,,*****,**,#...,,,,,,*,,*,,,,***
,,,,,,,,,,*,##..,,,,,,*,,,,,,,,,*
,,,,,,,,,,,,*###,***,,,,,*,,,,*,,
,,,,,,,,,,*,**,∆,,,**,,,,*,,,,,**


You could see a centaur warrior, a basilisk, a vampire (invisible), a centaur
(wandering) and a centaur warrior simulacrum.

Vanquished Creatures
  Jorgrun (D:12)
  Kirke (Lair:4)
  A minotaur (Gauntlet)
  Snorg (Lair:4)
  An ice dragon (D:13)
  6 hydras
  A catoblepas (Lair:4)
  2 centaur warriors (D:13)
  A two-headed ogre (D:8)
  3 death yaks (Gauntlet)
  An occultist (D:13)
  A tengu warrior (D:13)
  Urug (Lair:4)
  4 skysharks
  Amaemon (D:9)
  2 goliath frogs (Lair:5)
  A lindwurm (Lair:3)
  2 deep elf pyromancers (D:12)
  A necromancer (Gauntlet)
  2 manticores
  9 elephants
  3 cyclopes (D:13)
  4 black mambas
  A moth of wrath (Gauntlet)
  An orange demon (D:9)
  2 gargoyles
  18 cane toads
  8 komodo dragons
  Jeremiah (D:7)
  A freezing wraith (D:13)
  2 unseen horrors (D:12)
  3 trolls
  2 polar bears (Lair:3)
  4 hornets (Lair:5)
  14 blink frogs
  5 slime creatures (D:10)
  4 dream sheep
  51 yaks
  2 wraiths
  3 wyverns
  A warg (D:6)
  8 vampire mosquitoes
  4 steam dragons
  13 basilisks
  3 hogs (Lair:4)
  5 swamp worms
  4 acid dragons
  5 water moccasins
  Duvessa (D:4)
  7 orc warriors
  2 sky beasts
  2 ice beasts (D:6)
  An ogre (D:7)
  3 wolves (Gauntlet)
  7 centaurs
  3 phantoms
  2 kobold brigands
  Blork the orc (D:6)
  16 bullfrogs
  A gnoll sergeant (D:8)
  A scorpion (D:5)
  7 wights
  A water moccasin skeleton (D:4)
  Dowan (D:4)
  11 killer bees
  An electric eel (D:7)
  4 howler monkeys
  2 bullfrog zombies (D:4)
  A crimson imp (D:4)
  2 bombardier beetles
  5 orc priests
  7 hounds
  5 jellies
  A sleepcap (D:6)
  9 iguanas
  Ijyb (D:3)
  2 gnoll boudas
  16 orc wizards
  A hound skeleton (D:4)
  14 gnolls
  4 adders
  2 shadow imps
  3 white imps
  2 ribbon worms
  4 dart slugs
  37 orcs
  8 ball pythons
  A bat (D:2)
  9 endoplasms
  3 giant cockroaches
  8 goblins
  9 hobgoblins
  3 jackals (D:2)
  4 frilled lizards
  8 kobolds
  5 rats
  A butterfly (Lair:1)
  A fulminant prism (D:10)
465 creatures vanquished.

Vanquished Creatures (others)
  A wyvern (D:9)
  A human (Lair:4)
  An orc (D:9)
  103 fulminant prisms
106 creatures vanquished.

Grand Total: 571 creatures vanquished

Notes
Turn   | Place    | Note
-------+----------+-------------------------------------------
     0 | D:1      | KKCryptic the Gnoll Wanderer began the quest for the Orb.
     0 | D:1      | KKCryptic set off with the following items: a +0 club, a
                  | potion of invisibility, a +0 scale mail; and the following
                  | spell memorised: Sandblast; and the following spells
                  | available to memorise: Jinxbite, Passwall, Ensorcelled
                  | Hibernation, Leda's Liquefaction.
     0 | D:1      | Reached XP level 1. HP: 17/17 MP: 4/4
   295 | D:1      | Reached XP level 2. HP: 20/23 MP: 3/5
   331 | D:1      | Found a faded altar of an unknown god.
   337 | D:1      | Prayed at the altar of an unknown god.
   337 | D:1      | Became a worshipper of Vehumet
   337 | D:1      | Reached * piety under Vehumet
   337 | D:1      | Offered knowledge of Foxfire by Vehumet.
   396 | D:1      | You fall into a shaft and drop 1 floor!
   518 | D:2      | Reached XP level 3. HP: 20/28 MP: 1/7
   685 | D:1      | Learned a level 2 spell: Jinxbite
   689 | D:1      | Learned a level 3 spell: Passwall
   761 | D:1      | Reached skill level 1 in Invocations
  1225 | D:2      | Reached skill level 1 in Short Blades
  1225 | D:2      | Reached skill level 1 in Long Blades
  1225 | D:2      | Reached skill level 1 in Axes
  1225 | D:2      | Reached skill level 1 in Maces & Flails
  1225 | D:2      | Reached skill level 1 in Polearms
  1225 | D:2      | Reached skill level 1 in Staves
  1225 | D:2      | Reached skill level 1 in Ranged Weapons
  1225 | D:2      | Reached skill level 1 in Throwing
  1225 | D:2      | Reached skill level 1 in Dodging
  1225 | D:2      | Reached skill level 1 in Shields
  1225 | D:2      | Reached skill level 1 in Unarmed Combat
  1565 | D:3      | Noticed Ijyb
  1660 | D:3      | Killed Ijyb
  1661 | D:3      | Reached skill level 1 in Shapeshifting
  1661 | D:3      | Reached XP level 4. HP: 20/34 MP: 4/8
  1661 | D:3      | Reached ** piety under Vehumet
  1661 | D:3      | Offered knowledge of Static Discharge by Vehumet.
  1662 | D:3      | Reached skill level 1 in Conjurations
  1662 | D:3      | Reached skill level 1 in Summonings
  1662 | D:3      | Reached skill level 1 in Necromancy
  1662 | D:3      | Reached skill level 1 in Translocations
  1662 | D:3      | Reached skill level 1 in Fire Magic
  1662 | D:3      | Reached skill level 1 in Ice Magic
  1662 | D:3      | Reached skill level 1 in Air Magic
  1662 | D:3      | Reached skill level 1 in Alchemy
  1719 | D:3      | Learned a level 2 spell: Static Discharge
  1917 | D:3      | Reached XP level 5. HP: 40/40 MP: 5/9
  2314 | D:4      | Noticed Duvessa
  2320 | D:4      | Noticed Dowan
  2361 | D:4      | Noticed Grinder
  2387 | D:3      | Reached XP level 6. HP: 37/47 MP: 1/11
  2496 | D:4      | Reached skill level 5 in Armour
  2537 | D:4      | Found a staircase to the Ecumenical Temple.
  2561 | Temple   | Found a transporter.
  2561 | Temple   | Found a transporter.
  2561 | Temple   | Found a transporter.
  2561 | Temple   | Found a transporter.
  2561 | Temple   | Entered the Ecumenical Temple
  2801 | D:4      | Found a sacrificial altar of Ru.
  2872 | D:4      | Found a burning altar of Makhleb.
  2954 | D:4      | Grinder changed into Grinder the crimson imp
  2954 | D:4      | Noticed Grinder
  2961 | D:4      | Killed Grinder the crimson imp
  2978 | D:4      | Reached XP level 7. HP: 32/52 MP: 12/12
  3142 | D:4      | Killed Duvessa
  3150 | D:4      | Killed Dowan
  3432 | D:4      | Offered knowledge of Volatile Blastmotes by Vehumet.
  3440 | D:4      | Learned a level 3 spell: Volatile Blastmotes
  3590 | D:5      | Entered Level 5 of the Dungeon
  3621 | D:5      | Reached XP level 8. HP: 30/60 MP: 8/14
  4502 | D:5      | Found a shimmering blue altar of Sif Muna.
  4605 | D:5      | Found a radiant altar of Vehumet.
  4805 | D:6      | Found Gozag's Platinum Reserve.
  4858 | D:6      | Found an opulent altar of Gozag.
  4948 | D:6      | Reached skill level 6 in Armour
  4966 | D:6      | Reached skill level 5 in Hexes
  4966 | D:6      | Reached skill level 5 in Earth Magic
  5065 | D:6      | Reached *** piety under Vehumet
  5163 | D:6      | Found a runed translucent door.
  5164 | D:6      | Noticed Crazy Yiuf
  5182 | D:6      | Crazy Yiuf changed into Crazy Yiuf the warg
  5182 | D:6      | Noticed Crazy Yiuf
  5192 | D:6      | Killed Crazy Yiuf the warg
  5193 | D:6      | Reached skill level 5 in Spellcasting
  5193 | D:6      | Reached XP level 9. HP: 35/67 MP: 16/16
  5373 | D:6      | Noticed Blork the orc
  5390 | D:6      | Killed Blork the orc
  5494 | D:6      | Reached skill level 5 in Fighting
  5494 | D:6      | Reached skill level 5 in Evocations
  5682 | D:7      | Reached skill level 5 in Stealth
  5851 | D:7      | Noticed a troll
  5880 | D:7      | Killed a troll
  5880 | D:7      | Offered knowledge of Dazzling Flash by Vehumet.
  5881 | D:7      | Reached skill level 5 in Invocations
  5885 | D:7      | Learned a level 3 spell: Dazzling Flash
  6305 | D:7      | Found the +7 Kryia's mail coat {PotionHeal*2 rC+}
  6338 | D:7      | Noticed Jeremiah
  6567 | D:7      | Reached **** piety under Vehumet
  6568 | D:7      | Reached skill level 5 in Short Blades
  6568 | D:7      | Reached skill level 5 in Long Blades
  6568 | D:7      | Reached skill level 5 in Axes
  6568 | D:7      | Reached skill level 5 in Maces & Flails
  6568 | D:7      | Reached skill level 5 in Polearms
  6568 | D:7      | Reached skill level 5 in Staves
  6568 | D:7      | Reached skill level 5 in Ranged Weapons
  6568 | D:7      | Reached skill level 5 in Throwing
  6568 | D:7      | Reached skill level 5 in Dodging
  6568 | D:7      | Reached skill level 5 in Shields
  6568 | D:7      | Reached skill level 5 in Unarmed Combat
  6568 | D:7      | Reached XP level 10. HP: 64/71 MP: 3/18
  6692 | D:7      | Found a stormy altar of Qazlal.
  6801 | D:7      | Found a glowing silver altar of Zin.
  6801 | D:7      | Found a white marble altar of Elyvilon.
  6801 | D:7      | Found a glowing golden altar of the Shining One.
  6921 | D:7      | Killed Jeremiah
  6922 | D:7      | Reached skill level 7 in Armour
  7137 | D:8      | Offered knowledge of Fulminant Prism by Vehumet.
  7282 | D:8      | Noticed a two-headed ogre
  7289 | D:8      | Learned a level 4 spell: Fulminant Prism
  7306 | D:8      | Killed a two-headed ogre
  7307 | D:8      | Reached skill level 5 in Shapeshifting
  7946 | D:9      | Found a blossoming altar of Fedhas.
  8219 | D:9      | Found a staircase to the Lair.
  8279 | D:9      | Found an ornate altar of the Wu Jian Council.
  8290 | D:9      | Identified the +5 battleaxe of the Chewing Gods {holy, Fly
                  | rF+ Stlth+}
  8420 | D:9      | Reached ***** piety under Vehumet
  8504 | D:9      | Offered knowledge of Bombard by Vehumet.
  8586 | D:9      | Noticed Amaemon
  8594 | D:9      | Noticed an orange demon
  8609 | D:9      | Killed Amaemon
  8610 | D:9      | Reached skill level 5 in Conjurations
  8610 | D:9      | Reached skill level 5 in Summonings
  8610 | D:9      | Reached skill level 5 in Necromancy
  8610 | D:9      | Reached skill level 5 in Translocations
  8610 | D:9      | Reached skill level 5 in Fire Magic
  8610 | D:9      | Reached skill level 5 in Ice Magic
  8610 | D:9      | Reached skill level 5 in Air Magic
  8610 | D:9      | Reached skill level 5 in Alchemy
  8610 | D:9      | Reached XP level 11. HP: 55/83 MP: 5/21
  8981 | D:10     | Entered Level 10 of the Dungeon
  9246 | D:10     | Reached skill level 8 in Armour
  9250 | D:10     | Found a bloodstained altar of Trog.
  9502 | D:10     | Found a shimmering altar of Xom.
 10532 | Lair:1   | Entered Level 1 of the Lair of Beasts
 10622 | Lair:1   | Found an ancient bone altar of Kikubaaqudgha.
 11617 | Lair:2   | Noticed a skyshark
 11656 | Lair:2   | Killed a skyshark
 11657 | Lair:2   | Reached XP level 12. HP: 43/91 MP: 17/23
 12557 | Lair:3   | Found a hole to the Spider Nest.
 12571 | Lair:3   | Noticed a four-headed hydra
 12575 | Lair:3   | Learned a level 2 spell: Ensorcelled Hibernation
 12582 | Lair:3   | Killed a four-headed hydra
 12703 | Lair:3   | Found a transporter.
 12711 | Lair:3   | Noticed Sandpaper2's ghost (journeyman MiBe)
 12735 | Lair:3   | Found a transporter.
 12837 | Lair:3   | Noticed a six-headed hydra
 12837 | Lair:3   | Noticed a five-headed hydra
 12847 | Lair:3   | Killed a six-headed hydra
 12848 | Lair:3   | Reached skill level 9 in Armour
 12854 | Lair:3   | Killed a five-headed hydra
 12988 | Lair:3   | Found a staircase to the Swamp.
 13690 | Lair:4   | Reached XP level 13. HP: 89/99 MP: 25/25
 13933 | Lair:4   | Noticed Kirke
 13939 | Lair:4   | Noticed a sphinx
 13954 | Lair:4   | Killed Kirke
 14011 | Lair:4   | Learned a level 3 spell: Confusing Touch
 14123 | Lair:4   | Noticed Urug
 14176 | Lair:4   | Killed Urug
 14551 | Lair:4   | Noticed Snorg
 14583 | Lair:4   | Killed Snorg
 14969 | Lair:5   | Entered Level 5 of the Lair of Beasts
 15541 | Lair:4   | Reached skill level 10 in Armour
 16456 | Lair:5   | Found a staircase to the Slime Pits.
 16466 | Lair:5   | Reached XP level 14. HP: 100/108 MP: 27/27
 16477 | Lair:5   | Reached skill level 10 in Invocations
 16516 | Lair:5   | Reached ****** piety under Vehumet
 16715 | Lair:5   | Offered knowledge of Airstrike by Vehumet.
 16721 | Lair:5   | Learned a level 4 spell: Airstrike
 17160 | Lair:5   | Identified the +1 cloak of Gesuleawec {rF- Regen+ Stlth+}
 17286 | Lair:5   | Reached skill level 10 in Spellcasting
 17775 | D:12     | Identified the +11 rapier of Prudence {heavy, rC+ rN+}
 18045 | D:12     | Found a staircase to the Orcish Mines.
 18068 | D:12     | Reached skill level 10 in Fighting
 18068 | D:12     | Reached skill level 10 in Evocations
 18463 | D:12     | Identified the scarf of Savoojyu {rC+ rF+, Harm +Inv Dex+4}
 18636 | D:12     | Reached skill level 10 in Stealth
 18645 | D:12     | Noticed Jorgrun
 18932 | D:12     | Killed Jorgrun
 19328 | D:13     | Found a gate leading to a gauntlet.
 19342 | Gauntlet | Entered a Gauntlet
 19342 | Gauntlet | Found a transporter.
 19342 | Gauntlet | Found a transporter.
 19345 | Gauntlet | Found a transporter.
 19347 | Gauntlet | Found a transporter.
 19348 | Gauntlet | Found a transporter.
 19348 | Gauntlet | Found a transporter.
 19378 | Gauntlet | Found a runed translucent door.
 19378 | Gauntlet | Found a runed translucent door.
 19382 | Gauntlet | Found a transporter.
 19386 | Gauntlet | Found a transporter.
 19392 | Gauntlet | Noticed a reaper
 19400 | Gauntlet | Found a transporter.
 19416 | Gauntlet | Found a transporter.
 19442 | Gauntlet | Found a transporter.
 19446 | Gauntlet | Found a transporter.
 19670 | Gauntlet | Offered knowledge of Yara's Violent Unravelling by Vehumet.
 19881 | Gauntlet | Identified the +6 hand axe of the Twisting Stork {flame,
                  | Int+5}
 19881 | Gauntlet | Identified the ring of Hizaih {MP+9 EV+5 Str-3 Int+7}
 20171 | Gauntlet | Identified the staff of the Lurker {Fly rPois Str+2
                  | Alchemy}
 20296 | D:13     | Reached skill level 10 in Short Blades
 20296 | D:13     | Reached skill level 10 in Long Blades
 20296 | D:13     | Reached skill level 10 in Axes
 20296 | D:13     | Reached skill level 10 in Maces & Flails
 20296 | D:13     | Reached skill level 10 in Polearms
 20296 | D:13     | Reached skill level 10 in Staves
 20296 | D:13     | Reached skill level 10 in Ranged Weapons
 20296 | D:13     | Reached skill level 10 in Throwing
 20296 | D:13     | Reached skill level 11 in Armour
 20296 | D:13     | Reached skill level 10 in Dodging
 20296 | D:13     | Reached skill level 10 in Shields
 20296 | D:13     | Reached skill level 10 in Unarmed Combat
 20325 | D:13     | HP: 2/111 [centaur warrior simulacrum (4)]
 20325 | D:13     | Slain by a centaur warrior simulacrum

Illustrated notes

Levels and vault maps discovered:
D:1:      minmay_arrival_wavy_path, layout_loops_ring,
          dreamdust_ecumenical_altar_angels_and_demons
D:2:      layout_basic
D:3:      layout_loops_ring, uniq_ijyb
D:4:      layout_basic, nicolae_ru_awakened_eye, lemuel_tele_altar,
          minmay_temple_entry_gardened_gates, serial_undead, serial_undead_b,
          serial_undead_c, serial_undead_c, serial_undead_b, uniq_grinder,
          uniq_duvessa
D:5:      layout_gridville, hellmonk_sif_muna_bookshelves,
          kennysheep_little_box, serial_bayou_crossing
D:6:      layout_loops_ring, nicolae_gozag_zags_fifth_avenue,
          uniq_blork_the_orc, uniq_crazy_yiuf_cottage
D:7:      layout_rooms, good_gods_mini_temple, nicolae_qazlal_beasts_of_the_sky,
          hangedman_abyss_or_decor_jellyfish_corner, serial_bayou_lake_a,
          uniq_jeremiah
D:8:      corexii_shack_village, layout_cave_pods
D:9:      layout_irregular_city, nicolae_wu_jian_glorious_leap,
          fedhas_bush_and_centaur_altar, lair_entry_dummy, uniq_amaemon
D:10:     layout_roguey, trog_three_pillars_becter,
          mainiacjoe_overflow_surrounded_room
D:11:     layout_rooms
D:12:     layout_stronghold, orc_0_dummy, uniq_jorgrun
D:13:     minmay_curly_fans, layout_rooms, gauntlet_entry_generic,
          feat_on_display
Temple:   hellmonk_temple_divided_pantheon
Lair:1:   layout_chaotic_city, basic_altar, lemuel_fruit_fields,
          lemuel_fruit_tree, infiniplex_staircase_pool, grunt_megastairs_4
Lair:2:   layout_roguey, chequers_serial_rivers_small_b
Lair:3:   layout_cave_shapes, palyth_hydra_swamp_entry, dummy_spider_entry,
          nzn_ghost_randoct, nicolae_lair_lindhole, grunt_megastairs_3
Lair:4:   layout_roguey, kennysheep_basilisk_garden, uniq_urug, uniq_kirke,
          uniq_snorg
Lair:5:   minmay_lair_end_frog_pond, layout_misc_corridors,
          nicolae_slime_entry_field_trip, dreamdust_wasp_nest

Skill      XL: |  1  2  3  4  5  6  7  8  9 10 11 12 13 14 |
---------------+-------------------------------------------+-----
Invocations    | 1 2 3 4 5 6 7 8 9 10 | 10.9
Short Blades   | 1 2 3 4 5 6 7 8 9 10 | 10.0
Long Blades    | 1 2 3 4 5 6 7 8 9 10 | 10.0
Axes           | 1 2 3 4 5 6 7 8 9 10 | 10.0
Maces & Flails | 1 2 3 4 5 6 7 8 9 10 | 10.0
Polearms       | 1 2 3 4 5 6 7 8 9 10 | 10.0
Staves         | 1 2 3 4 5 6 7 8 9 10 | 10.0
Ranged Weapons | 1 2 3 4 5 6 7 8 9 10 | 10.0
Throwing       | 1 2 3 4 5 6 7 8 9 10 | 10.0
Dodging        | 1 2 3 4 5 6 7 8 9 10 | 10.0
Shields        | 1 2 3 4 5 6 7 8 9 10 | 10.0
Unarmed Combat | 1 2 3 4 5 6 7 8 9 10 | 10.0
Spellcasting   | 3 4 5 6 7 8 9 10 | 10.4
Shapeshifting  | 1 2 3 4 5 6 7 8 9 |  9.2
Conjurations   | 1 2 3 4 5 6 7 8 |  8.4
Summonings     | 1 2 3 4 5 6 7 8 |  8.4
Necromancy     | 1 2 3 4 5 6 7 8 |  8.4
Translocations | 1 2 3 4 5 6 7 8 |  8.4
Fire Magic     | 1 2 3 4 5 6 7 8 |  8.4
Ice Magic      | 1 2 3 4 5 6 7 8 |  8.4
Air Magic      | 1 2 3 4 5 6 7 8 |  8.4
Alchemy        | 1 2 3 4 5 6 7 8 |  8.4
Fighting       | 3 4 5 6 7 8 9 10 | 10.4
Hexes          | 4 5 6 7 8 9 |  9.3
Earth Magic    | 4 5 6 7 8 9 |  9.3
Evocations     | 3 4 5 6 7 8 9 10 | 10.4
Stealth        | 3 4 5 6 7 8 9 10 | 10.3
Armour         | 5 6 7 8 9 10 11 | 11.0

Action                     |  1- 3 |  4- 6 |  7- 9 | 10-12 | 13-15 || total
---------------------------+-------+-------+-------+-------+-------++-------
  Melee: Club              |    26 |       |       |       |       ||    26
         Staff             |    47 |    32 |    85 |       |       ||   164
         Bite              |     2 |     3 |    20 |    72 |    87 ||   184
         Unarmed           |     6 |       |       |       |       ||     6
         Punch             |     1 |       |       |     1 |       ||     2
         Morningstar       |       |       |   160 |    35 |       ||   195
         Trident           |       |       |       |   431 |    69 ||   500
         Battleaxe         |       |       |       |    13 |       ||    13
         Demon trident     |       |       |       |       |   502 ||   502
         Rapier            |       |       |       |       |    29 ||    29
  Throw: Throwing net      |     1 |       |       |       |       ||     1
         Boomerang         |    15 |     3 |     8 |    10 |     6 ||    42
         Dart              |       |       |     9 |       |     8 ||    17
         Javelin           |       |       |       |     3 |       ||     3
   Cast: Sandblast         |    33 |    44 |    47 |    30 |       ||   154
         Jinxbite          |     1 |       |       |       |       ||     1
         Static Discharge  |       |     5 |    42 |   129 |    94 ||   270
         Volatile Blastmot |       |       |    16 |     1 |       ||    17
         Fulminant Prism   |       |       |       |    60 |    44 ||   104
         Dazzling Flash    |       |       |       |     3 |       ||     3
         Confusing Touch   |       |       |       |       |    32 ||    32
         Airstrike         |       |       |       |       |    53 ||    53
Ability: Begin Untransform |       |       |     1 |       |       ||     1
  Evoke: Wand              |       |     1 |    40 |     9 |       ||    50
         Phial of floods   |       |       |       |       |     1 ||     1
    Use: Potion            |     1 |       |     5 |     3 |    16 ||    25
         Scroll            |       |     7 |     7 |     7 |    16 ||    37
   Stab: Invisible         |       |       |     3 |       |       ||     3
         Sleeping          |       |       |     1 |     5 |     1 ||     7
         Distracted        |       |       |       |     2 |     1 ||     3
         Confused          |       |       |       |       |    21 ||    21
 Armour: Scale mail        |    22 |       |    34 |   502 |   447 ||  1005
         Skin              |    21 |       |       |       |    48 ||    69
         Leather armour    |     5 |    34 |   191 |       |       ||   230
  Dodge: Dodged            |    49 |    44 |   280 |   444 |   556 ||  1373
  Block: Buckler           |       |     5 |    74 |   136 |   258 ||   473
         Reflection        |       |       |       |       |    12 ||    12
   Form: Beast             |       |       |     1 |       |       ||     1
